 Dungeon Crawl Stone Soup version 0.27.1-34-g3ba077fa99 (webtiles) character file.

Game seed: 12993747195545741504

28 cbfl8 the Sneak (level 3, -11/33 HPs)
             Began as a Minotaur Delver on Jan 26, 2022.
             Shot with an arrow by a centaur (14 damage)
             ... on level 5 of the Dungeon.
             The game lasted 00:00:36 (133 turns).

cbfl8 the Sneak (Minotaur Delver)                    Turns: 133, Time: 00:00:37

Health: -11/33     AC:  3    Str: 17    XL:     3   Next: 0%
Magic:  2/2        EV: 12    Int:  7    God:
Gold:   8          SH:  0    Dex: 11    Spells: 2/2 levels left

rFire    . . .     SeeInvis .   a - +0 hand axe
rCold    . . .     Faith    .   (no shield)
rNeg     . . .     Spirit   .   b - +0 leather armour
rPois    .         Reflect  .   (helmet restricted)
rElec    .         Harm     .   (no cloak)
rCorr    .         Rampage  .   (no gloves)
Will     .....                  (no boots)
Stlth    ++........             (no amulet)
HPRegen  0.11/turn              (no ring)
MPRegen  0.08/turn              (no ring)

@: hasted, very quick
A: horns 2, retaliatory headbutt
a: no special abilities


You were on level 5 of the Dungeon.
You visited 1 branch of the dungeon, and saw 1 of its levels.

You collected 8 gold pieces.

Inventory:

Hand Weapons
 a - a +0 hand axe (weapon)
Armour
 b - a +0 leather armour (worn)
Wands
 g - a wand of digging (3)
Scrolls
 c - a scroll of fog
 d - a scroll of magic mapping
 e - a scroll of fear


   Skills:
 + Level 3.8 Fighting
 + Level 2.8 Axes
 + Level 0.3 Armour
 + Level 2.3 Dodging
 + Level 4.6 Stealth


You had 2 spell levels left.
You didn't know any spells.
Your spell library contained the following spells:

 Spells                   Type           Power      Damage    Failure   Level
 Corpse Rot               Necr/Air       N/A        N/A       63%         2
 Passwall                 Tmut/Erth      0%         N/A       63%         2
 Swiftness                Air            0%         N/A       86%         3
 Dispel Undead            Necr           0%         3d6       99%         4
 Death Channel            Necr           0%         N/A       100%        6
 Invisibility             Hex            0%         N/A       100%        6


Dungeon Overview and Level Annotations

Branches:
Dungeon (5/15)
 Temple: D:4-7

Altars:

Annotations:
D:5 Prince Ribbit


Innate Abilities, Weirdness & Mutations

You have a pair of horns on your head.
You reflexively headbutt those who attack you in melee.


Message History

Found a scroll labelled LAETEXO PUSO.
Found a ring mail.
A bullfrog skeleton comes into view.
The hound skeleton barely misses you.
You hit the bullfrog skeleton.
The bullfrog skeleton is lightly damaged.
You hit the hound skeleton. The hound skeleton bites you.
The bullfrog skeleton hits you.
You hit the bullfrog skeleton. You headbutt the bullfrog skeleton!
The bullfrog skeleton is heavily damaged.
You hit the hound skeleton. The hound skeleton misses you.
The bullfrog skeleton hits you.
You hit the bullfrog skeleton.
The bullfrog skeleton is severely damaged.
You barely miss the hound skeleton. The hound skeleton bites you.
The bullfrog skeleton barely misses you.
You slash the bullfrog skeleton!
The bullfrog skeleton is almost destroyed.
You hit the hound skeleton.
The bullfrog skeleton barely misses you.
The hound skeleton barely misses you.
You hit the bullfrog skeleton.
You destroy the bullfrog skeleton!
You hit the hound skeleton.
You have reached level 2!
You have reached level 3!
Your experience leads to an increase in your attributes!
Increase (S)trength, (I)ntelligence, or (D)exterity?
You feel stronger.
Prince Ribbit blinks!
An ogre comes into view. It is wielding a +0 giant club.
Found 14 gold pieces.
The ogre shouts!
A centaur comes into view.
The centaur shouts!
The centaur wields a +0 shortbow.
The centaur shoots an arrow.
The arrow hits you!
* * * LOW HITPOINT WARNING * * *
The centaur shoots an arrow.
The arrow hits you!
You die...

##...#..#..#..
#.......$..#.#
#............#
##...........##
..............###
..........O...c..
.......#....[#
...........@#
........##.##
........##?#
......ZO#..#
....!......#
...##..F...##
###.#.......#
#>......#...#
.........##......


You could see Prince Ribbit, an ogre and a centaur.

Vanquished Creatures
  A bullfrog skeleton (D:5)
1 creature vanquished.

Notes
Turn   | Place    | Note
-------+----------+-------------------------------------------
     0 | D:5      | cbfl8 the Minotaur Delver began the quest for the Orb.
     0 | D:5      | Reached XP level 1. HP: 19/19 MP: 0/0
    93 | D:5      | Noticed an ogre
    93 | D:5      | Noticed Prince Ribbit
   127 | D:5      | Reached XP level 2. HP: 14/27 MP: 1/1
   127 | D:5      | Reached XP level 3. HP: 17/33 MP: 2/2
   128 | D:5      | Noticed an ogre
   130 | D:5      | Noticed a centaur
   133 | D:5      | Shot with an arrow by a centaur

Illustrated notes

Levels and vault maps discovered:
D:5:      layout_cave_pools, mainiacjoe_overflow_alcove_4, minitemple,
          uniq_prince_ribbit1

Action                   || total
-------------------------++-------
Melee: Hand axe          ||     5
       Headbutt          ||     1
  Use: Potion            ||     1
Dodge: Dodged            ||     5
